 Dungeon Crawl Stone Soup version 0.29-a0-668-g12ee2bf84d (webtiles) character file.

Game seed: 176533036855702178

9490 hquester1 the Blocker (level 11, -5/99 HPs)
             Began as a Minotaur Fighter on June 23, 2022.
             Was a High Priest of Okawaru.
             Slain by an eight-headed hydra (6 damage)
             ... while petrified by a basilisk
             ... on level 11 of the Dungeon.
             The game lasted 00:34:46 (12024 turns).

hquester1 the Blocker (Minotaur Fighter)           Turns: 12024, Time: 00:34:47

Health: -5/99      AC: 17    Str: 28    XL:     11   Next: 23%
Magic:  0/11       EV:  2    Int:  5    God:    Okawaru [*****.]
Gold:   263        SH:  0    Dex: 19    Spells: 10/10 levels left

rFire   . . .      SeeInvis .   N - +9 morningstar (venom)
rCold   . . .      Faith    .   F - +2 buckler
rNeg    + + +      Spirit   +   x - +5 ring mail "Garheekk" {rElec}
rPois   ∞          Reflect  .   (helmet restricted)
rElec   +          Harm     .   t - +1 cloak
rCorr   .          Rampage  .   (no gloves)
Will    .....                   J - +0 pair of boots
Stlth   ++........              w - amulet of guardian spirit
HPRegen 0.26/turn               i - +6 ring of dexterity
MPRegen 0.12/turn               E - +6 ring of strength

@: petrified, heroic, studying 2 skills
A: horns 2, retaliatory headbutt
a: Renounce Religion, Heroism, Finesse, Duel


You were on level 11 of the Dungeon.
You worshipped Okawaru.
Okawaru was extremely pleased with you.
You visited 2 branches of the dungeon, and saw 12 of its levels.
You also visited: Sewer and Ossuary.

You collected 925 gold pieces.
You spent 662 gold pieces at shops.

Inventory:

Hand Weapons
 C - a +2 flail of protection
 M - a +2 vorpal war axe
 N - a +9 morningstar of venom (weapon)
Armour
 t - a +1 cloak (worn)
 x - the +5 ring mail "Garheekk" (worn) {rElec}
   (You found it on level 4 of the Dungeon)

   rElec:     It insulates you from electricity.
 F - a +2 buckler (worn)
 J - a +0 pair of boots (worn)
Jewellery
 i - a +6 ring of dexterity (left hand)
 w - an amulet of guardian spirit (around neck)
 y - a ring of protection from cold
 z - a ring of fire
 D - a ring of protection from fire
 E - a +6 ring of strength (right hand)
 G - an amulet of faith
Wands
 l - a wand of charming (13)
 H - a wand of iceblast (13)
 I - a wand of light (1)
Scrolls
 a - 5 scrolls of identify
 b - a scroll of teleportation
 c - a scroll of brand weapon
 p - a scroll of vulnerability
 u - a scroll of magic mapping
 v - 2 scrolls of fear
 A - a scroll of poison
 B - 2 scrolls of immolation
 K - a scroll of amnesia
Potions
 d - 5 potions of might
 e - 6 potions of curing
 f - a potion of brilliance
 g - 7 potions of flight
 h - 7 potions of heal wounds
 j - 2 potions of invisibility
 m - a potion of attraction
 n - 3 potions of mutation
 o - 4 potions of lignification
 s - 5 potions of haste


   Skills:
 + Level 10.1(15.1) Fighting
 + Level 1.7(12.2) Axes
 + Level 9.7(14.8) Maces & Flails
 + Level 5.1(10.3) Polearms
 + Level 10.1(15.1) Armour
 * Level 9.0(14.0) Dodging
 + Level 10.1(15.1) Shields
 + Level 1.4 Invocations
 + Level 1.3 Evocations


You had 10 spell levels left.
You didn't know any spells.
Your spell library contained the following spells:

 Spells                   Type           Power      Damage    Failure   Level
 Beastly Appendage        Tmut           0%         N/A       63%         1
 Magic Dart               Conj           0%         1d3       63%         1
 Searing Ray              Conj           0%         2d4       77%         2
 Sublimation of Blood     Necr           0%         N/A       77%         2
 Wereblood                Tmut           0%         N/A       77%         2
 Conjure Flame            Conj/Fire      0%         6-21      94%         3
 Ignite Poison            Fire/Tmut/Pois 0%         N/A       94%         3
 Spider Form              Tmut/Pois      0%         N/A       94%         3
 Fulminant Prism          Conj/Hex       0%         3d6       100%        4
 Olgreb's Toxic Radiance  Pois           0%         N/A       100%        4
 Sticky Flame             Conj/Fire      0%         2d3       100%        4
 Ozocubu's Refrigeration  Ice            0%         4d5       100%        7
 Ignition                 Fire           0%         3d3       100%        8
 Summon Small Mammal      Summ           Unusable   N/A       N/A         1
 Call Canine Familiar     Summ           Unusable   N/A       N/A         3
 Summon Guardian Golem    Hex/Summ       Unusable   N/A       N/A         3
 Summon Hydra             Summ           Unusable   N/A       N/A         7

Dungeon Overview and Level Annotations

Branches:
Dungeon (11/15)            Temple (1/1) D:5            Lair (0/6) D:9
  Sewer (visited)         Ossuary (visited)
    Orc: D:9-12

Altars:
Ashenzari
Cheibriados
Dithmenos
Elyvilon
Fedhas
Gozag
Hepliaklqana
Kikubaaqudgha
Makhleb
Nemelex Xobeh
Okawaru
Qazlal
Ru
Sif Muna
Trog
Uskayaw
Vehumet
Wu Jian
Xom
Yredelemnul
Zin
The Shining One

Shops:
D:3 :(   D:7 *   D:8 *

Annotations:
D:4 1 runed translucent door, riojii's ghost, amateur OpTm


Innate Abilities, Weirdness & Mutations

You have a pair of horns on your head.
You reflexively headbutt those who attack you in melee.


Message History

The eight-headed hydra bites you but does no damage.
The eight-headed hydra bites you!
The eight-headed hydra bites you but does no damage.
The orc knight hits you from afar with a +0 glaive.
You kill the basilisk!
Okawaru accepts your kill.
The eight-headed hydra bites you but does no damage.
The eight-headed hydra bites you!
The eight-headed hydra bites you but does no damage. x6
The orc knight completely misses you.
Your base Dodging skill increases to level 9!
The eight-headed hydra bites you but does no damage. x3
The eight-headed hydra bites you.
The eight-headed hydra bites you but does no damage.
The eight-headed hydra bites you. x2
The eight-headed hydra bites you but does no damage.
The orc knight roars a battlecry!
The eight-headed hydra bites you. x2
The eight-headed hydra bites you but does no damage.
The eight-headed hydra bites you.
* * * LOW HITPOINT WARNING * * *
The eight-headed hydra bites you but does no damage.
The eight-headed hydra bites you!
* * * LOW HITPOINT WARNING * * *
The eight-headed hydra bites you but does no damage. x2
The orc knight hits you from afar with a +0 glaive!!
* * * LOW HITPOINT WARNING * * *
The eight-headed hydra bites you but does no damage. x3
The eight-headed hydra bites you!
* * * LOW HITPOINT WARNING * * *
The eight-headed hydra bites you. x2
* * * LOW HITPOINT WARNING * * *
The eight-headed hydra barely misses you.
The eight-headed hydra bites you but does no damage.
The orc knight hits you from afar with a +0 glaive!
* * * LOW HITPOINT WARNING * * *
The eight-headed hydra bites you. x2
* * * LOW HITPOINT WARNING * * *
The eight-headed hydra bites you!
You die...

#...#####........ ..#
..#...# #........ .#..
#.#...# #........
...#...#...# #........
.....#.#...# #..#+#'##
.......#...# #..#.....
#...o{#...# #..#####.
#cHD#...# #(.....#.
##@...# #......#.
###.....#####......##
#....................
#......................
....########............
.... #########.... ###
#.... #.... #....


You could see an eight-headed hydra, an orc knight, a manticore and a centaur.

Vanquished Creatures
  A two-headed ogre (D:11)
  2 cyclopes (D:11)
  A manticore (D:8)
  Maggie (D:10)
  A troll (D:11)
  Sigmund (D:5)
  A vampire (D:9)
  3 wraiths (D:11)
  A wyvern (D:10)
  3 yaks (D:8)
  5 steam dragons
  A basilisk (D:11)
  Edmund (D:5)
  An acid dragon (D:9)
  A water moccasin (D:5)
  A sky beast (D:7)
  3 orc warriors
  2 black bears
  2 ogres
  6 centaurs
  2 kobold brigands
  Blork the orc (D:5)
  A phantom (D:4)
  5 bullfrogs
  2 gnoll sergeants
  4 necrophages
  2 scorpions (D:7)
  A water moccasin zombie (Ossuary)
  5 wights
  13 killer bees
  An electric eel (D:7)
  3 howler monkeys (D:7)
  2 hounds (D:5)
  2 jellies
  A gnoll shaman (D:9)
  6 orc priests
  Crazy Yiuf (D:2)
  3 iron imps (D:3)
  10 orc wizards
  8 iguanas
  2 mummies (Ossuary)
  24 gnolls
  19 adders
  7 river rats (Sewer)
  A shadow imp (D:5)
  2 white imps
  2 ufetubi
  7 adder zombies (Ossuary)
  2 worms (D:6)
  A dart slug (D:1)
  30 orcs
  8 bats
  13 endoplasms
  2 giant cockroaches
  11 goblins
  11 hobgoblins
  3 quokkas
  14 ball pythons
  7 frilled lizards
  4 gnoll zombies (Ossuary)
  8 hobgoblin zombies (Ossuary)
  18 kobolds
  3 kobold zombies (Ossuary)
  6 orc zombies (Ossuary)
  28 rats
344 creatures vanquished.

Vanquished Creatures (others)
  A kobold (D:8)
  4 plants (D:7)
5 creatures vanquished.

Grand Total: 349 creatures vanquished

Notes
Turn   | Place    | Note
-------+----------+-------------------------------------------
     0 | D:1      | hquester1 the Minotaur Fighter began the quest for the Orb.
     0 | D:1      | Reached XP level 1. HP: 19/19 MP: 0/0
   317 | D:1      | Reached XP level 2. HP: 20/27 MP: 1/1
   795 | D:1      | Reached XP level 3. HP: 16/33 MP: 2/2
  1864 | D:2      | Found a faded altar of an unknown god.
  1950 | D:2      | Reached XP level 4. HP: 41/41 MP: 3/3
  2154 | D:2      | Found a runed translucent door.
  2155 | D:2      | Noticed Crazy Yiuf
  2161 | D:2      | Killed Crazy Yiuf
  2457 | D:3      | Noticed a necrophage
  2474 | D:3      | Killed a necrophage
  2475 | D:3      | Reached XP level 5. HP: 39/47 MP: 4/4
  2597 | D:3      | Found an ancient bone altar of Kikubaaqudgha.
  2663 | D:3      | Found Fuinn's Weapon Emporium.
  2681 | D:3      | Found Zaexoess's Book Emporium.
  2759 | D:3      | Found a shadowy altar of Dithmenos.
  2791 | D:3      | Found a stormy altar of Qazlal.
  2891 | D:3      | Found a burning altar of Makhleb.
  2908 | D:3      | Reached skill level 5 in Shields
  2917 | D:3      | Reached skill level 5 in Fighting
  2917 | D:3      | Reached skill level 5 in Armour
  2924 | D:3      | Reached XP level 6. HP: 21/56 MP: 5/5
  3340 | D:4      | Noticed riojii's ghost (amateur OpTm)
  3720 | D:4      | Found a runed translucent door.
  3753 | D:4      | Reached XP level 7. HP: 52/62 MP: 6/6
  3873 | D:4      | Identified the +5 ring mail "Garheekk" {rElec}
  3944 | D:4      | Reached skill level 5 in Maces & Flails
  4169 | D:4      | Found a broken altar of Ashenzari.
  4257 | D:5      | Entered Level 5 of the Dungeon
  4356 | D:5      | Noticed Sigmund
  4373 | D:5      | Killed Sigmund
  4403 | D:5      | Noticed Blork the orc
  4418 | D:5      | Killed Blork the orc
  4520 | D:5      | Found a staircase to the Ecumenical Temple.
  4545 | Temple   | Entered the Ecumenical Temple
  4658 | Temple   | Became a worshipper of Warmaster Okawaru
  4948 | D:5      | Reached XP level 8. HP: 71/71 MP: 7/7
  5177 | D:5      | Noticed Edmund
  5183 | D:5      | Killed Edmund
  5183 | D:5      | Reached * piety under Okawaru
  5544 | D:6      | Found a white marble altar of Elyvilon.
  6103 | D:6      | Reached XP level 9. HP: 79/81 MP: 8/8
  6124 | D:6      | Found a glowing drain.
  6154 | Sewer    | Entered a sewer
  6894 | D:7      | Found a sand-covered staircase.
  6900 | Ossuary  | Entered an ossuary
  6999 | Ossuary  | Reached skill level 1 in Dodging
  7134 | D:7      | Reached ** piety under Okawaru
  7272 | D:7      | Found Seox's Fire Supplies.
  7448 | D:7      | Found a sparkling altar of Nemelex Xobeh.
  8220 | D:8      | Reached *** piety under Okawaru
  8282 | D:8      | Reached XP level 10. HP: 84/91 MP: 7/9
  8378 | D:8      | Reached skill level 5 in Dodging
  8724 | D:8      | Found a basalt altar of Yredelemnul.
  8736 | D:8      | Noticed a manticore
  8743 | D:8      | Killed a manticore
  8866 | D:8      | Found Ere Zic's General Store.
  8881 | D:8      | Bought a scroll of identify for 26 gold pieces
  8881 | D:8      | Bought a +2 vorpal war axe for 223 gold pieces
  8881 | D:8      | Bought a +5 morningstar of venom for 413 gold pieces
  8890 | D:8      | Identified a scroll of acquirement
  8890 | D:8      | Acquired a manual of Dodging
  8929 | D:8      | Reached skill level 1 in Polearms
  9390 | D:9      | Reached **** piety under Okawaru
  9526 | D:9      | Found a staircase to the Lair.
 10272 | D:9      | Found an opulent altar of Gozag.
 10558 | D:10     | Entered Level 10 of the Dungeon
 10610 | D:10     | Found a sacrificial altar of Ru.
 10610 | D:10     | Noticed Maggie
 11166 | D:10     | Killed Maggie
 11678 | D:11     | Noticed a cyclops
 11686 | D:11     | Killed a cyclops
 11718 | D:11     | Noticed a two-headed ogre
 11724 | D:11     | Killed a two-headed ogre
 11725 | D:11     | Reached skill level 10 in Fighting
 11725 | D:11     | Reached skill level 1 in Axes
 11725 | D:11     | Reached skill level 10 in Armour
 11725 | D:11     | Reached skill level 10 in Shields
 11725 | D:11     | Reached XP level 11. HP: 59/99 MP: 6/10
 11907 | D:11     | Reached skill level 1 in Invocations
 11999 | D:11     | Reached ***** piety under Okawaru
 12000 | D:11     | Reached skill level 1 in Evocations
 12003 | D:11     | Noticed an orc knight
 12007 | D:11     | Noticed an eight-headed hydra
 12011 | D:11     | Reached skill level 5 in Polearms
 12023 | D:11     | HP: 3/99 [orc knight/+0 glaive (6)]
 12024 | D:11     | HP: 1/99 [eight-headed hydra (2)]
 12024 | D:11     | Slain by an eight-headed hydra

Illustrated notes

Levels and vault maps discovered:
D:1:      lordsloth_arrival_two_stooges, layout_basic, minmay_indecisive_spiral
D:2:      minmay_thinvault, layout_basic, basic_ecumenical_altar,
          uniq_crazy_yiuf_cottage
D:3:      layout_rooms, demons_altar, kiku_gazebo_pond_becter,
          mainiacjoe_overflow_two_lobes, serial_shops, shop,
          nicolae_shop_advertising_works [nicolae_subvault_shop_adworks],
          kennysheep_generic_room_4
D:4:      layout_rooms, mainiacjoe_overflow_alcove_2,
          hellmonk_ghost_happy_afterlife, serial_park_tiny_2
D:5:      layout_loops_ring, minmay_temple_entry_glass, dreamdust_wishing_well,
          chequers_serial_rivers_large_b, uniq_edmund, uniq_blork_the_orc,
          uniq_sigmund
D:6:      layout_loops_ring, kennysheep_mini, cheibrodos_sewer_entry_bend
D:7:      layout_gridville, mainiacjoe_overflow_paths,
          nicolae_ossuary_entry_ruins, minmay_misc_feat_tiny,
          serial_bayou_ford_a, nicolae_shop_fire_sale [nicolae_sub_dead_trees],
          lemuel_old_faithful
D:8:      nicolae_cairo_tiling, layout_rooms,
          mainiacjoe_overflow_small_starburst, nicolae_stop_n_shop_2
D:9:      layout_grid_maze, grunt_gozag_statues, dpeg_oklobed_lair
D:10:     layout_stronghold, mainiacjoe_overflow_concentric_impassable,
          uniq_maggie
D:11:     minmay_the_grid_triangle_9x9_line_8_mashed
          [minmay_the_grid_triangle_9x9_descending_squares,
          minmay_the_grid_triangle_9x9_negative_grid,
          minmay_the_grid_triangle_9x9_thin_v,
          minmay_the_grid_triangle_9x9_warning,
          minmay_the_grid_triangle_9x9_longest,
          minmay_the_grid_triangle_9x9_semitri,
          minmay_the_grid_triangle_9x9_pentomino_pain,
          minmay_the_grid_triangle_9x9_prize_schism], layout_irregular_city,
          david_orc_1_choice, uniq_sonja
Temple:   minmay_temple_forest_path

Skill      XL: |  1  2  3  4  5  6  7  8  9 10 11 |
---------------+----------------------------------+-----
Shields        | 4 5 6 7 9 10 | 10.1
Fighting       | 4 5 6 7 9 10 | 10.1
Armour         | 4 5 6 7 9 10 | 10.1
Maces & Flails | 3 4 6 7 8 9 |  9.7
Dodging        | 4 8 9 |  9.0
Polearms       | 4 5 |  5.1
Axes           | 1 |  1.7
Invocations    | 1 |  1.4
Evocations     | 1 |  1.3

Action                   |  1- 3 |  4- 6 |  7- 9 | 10-12 || total
-------------------------+-------+-------+-------+-------++-------
Melee: Flail             |    90 |   121 |   428 |    59 ||   698
       Headbutt          |    12 |    21 |    91 |    36 ||   160
       Morningstar       |       |       |       |   124 ||   124
Invok: Heroism           |       |       |       |     1 ||     1
  Use: Scroll            |       |     8 |    10 |     7 ||    25
Armor: Scale mail        |    54 |    55 |       |       ||   109
       Ring mail         |       |       |   194 |    81 ||   275
Dodge: Dodged            |    43 |    57 |   219 |   114 ||   433
Block: Buckler           |    23 |    41 |   154 |    88 ||   306

Table legend: (Time is in decaauts)
 A = Elapsed time spent in this place.
 B = Non-inter-level travel time spent in this place.
 C = Inter-level travel time spent in this place.
 D = Time resting spent in this place.
 E = Time spent auto-exploring this place.
 F = Levels seen in this place.
 G = Mean time per level.
                   A        B        C        D        E       F      G
               +--------+--------+--------+--------+--------+-----+--------+
         Total |  12224 |  11831 |    393 |    467 |   8583 |  14 |  873.1 |
       Dungeon |  11388 |  11033 |    355 |    467 |   8222 |  11 | 1035.3 |
        Temple |    353 |    315 |     38 |      0 |    296 |   1 |  353.0 |
         Sewer |    312 |    312 |      0 |      0 |     64 |   1 |  312.0 |
       Ossuary |    169 |    169 |      0 |      0 |      0 |   1 |  169.0 |
               +--------+--------+--------+--------+--------+-----+--------+

Top non-repeatable levels by time:
     D:9: 1510 daAuts
     D:1: 1353 daAuts
     D:7: 1209 daAuts
     D:2: 1134 daAuts
    D:10: 1091 daAuts
     D:6: 1072 daAuts
     D:4: 1004 daAuts
     D:5: 971 daAuts
     D:8: 841 daAuts
     D:3: 822 daAuts
    D:11: 377 daAuts
  Temple: 353 daAuts
   Sewer: 312 daAuts
 Ossuary: 169 daAuts
